 Dungeon Crawl Stone Soup version 0.23.2 (webtiles) character file.

Game seed: 11159568400521727829

907 Fang the Skirmisher (level 8, -2/76 HPs)
             Began as a Gargoyle Berserker on Apr 12, 2019.
             Was a Priest of Trog.
             Killed by divine providence
             ... invoked by an orc priest
              (12 damage)
             ... on level 6 of the Dungeon.
             The game lasted 00:04:49 (5555 turns).

Fang the Skirmisher (Gargoyle Berserker)            Turns: 5555, Time: 00:04:49

Health: -2/76      AC:  8    Str: 32      XL:     8   Next: 8%
Magic:  8/8        EV: 14    Int:  7      God:    Trog [***...]
Gold:   286        SH:  0    Dex:  6 (9)  Spells: 7/7 levels left

rFire    . . .     SeeInvis .   a - +0 war axe
rCold    . . .     Gourm    .   (no shield)
rNeg     + . .     Faith    .   b - +0 animal skin
rPois    ∞         Spirit   .   (no helmet)
rElec    +         Reflect  .   (no cloak)
rCorr    .         Harm     .   (no gloves)
MR       .....                  (no boots)
Stlth    ..........             p - amulet of the acrobat
HPRegen  0.22/turn              m - +3 ring of strength
MPRegen  0.11/turn              t - +2 ring of evasion

@: berserking, very quick
A: negative energy resistance 1, electricity resistance, unbreathing,
petrification resistance, rot immunity, AC +5
a: Berserk, Trog's Hand, Renounce Religion


You were on level 6 of the Dungeon.
You worshipped Trog.
Trog was most pleased with you.
You were hungry.

You visited 1 branch of the dungeon, and saw 6 of its levels.

You collected 286 gold pieces.

Inventory:

Hand Weapons
 a - a +0 war axe (weapon)
Armour
 b - a +0 animal skin (worn)
Jewellery
 m - a +3 ring of strength (left hand)
 o - an uncursed ring of positive energy
 p - an amulet of the acrobat (around neck)
 r - an uncursed ring of protection from fire
 t - a +2 ring of evasion (right hand)
Wands
 n - a wand of disintegration (16)
 u - a wand of digging (6)
Scrolls
 e - 4 scrolls of identify {unknown}
 f - a scroll of enchant weapon {unknown}
 g - 3 scrolls of amnesia {unknown}
 i - 3 scrolls of magic mapping {unknown}
 l - 4 scrolls of teleportation {unknown}
 v - a scroll of remove curse {unknown}
 w - a scroll of fog {unknown}
Potions
 d - 2 potions of degeneration {unknown}
 h - 2 potions of mutation {unknown}
 j - 3 potions of curing {unknown}
 k - 2 potions of might {unknown}
 q - 2 potions of lignification {unknown}
 s - a potion of brilliance {unknown}
Comestibles
 c - 7 rations
 x - 4 chunks of flesh


   Skills:
 + Level 5.9 Fighting
 + Level 4.9 Axes
 + Level 5.3 Armour
 + Level 3.9 Dodging


You had 7 spell levels left.
You didn't know any spells.
Your spell library was empty.

Dungeon Overview and Level Annotations

Branches:
Dungeon (6/15)             Temple (0/1) D:4

Altars:
Fedhas
Hepliaklqana
Vehumet
Zin
Beogh

Shops:
D:5 *


Innate Abilities, Weirdness & Mutations

You are resistant to torment.
Your stone body is resilient. (AC +5)
You are immune to poison.
You resist negative energy. (rN+)
You are resistant to electric shocks. (rElec)
You can survive without breathing.
You are immune to petrification.
You are immune to rotting.


Message History

The water moccasin bites you but does no damage.
The orc priest invokes the aid of Beogh against you.
Beogh smites you!
* * * LOW HITPOINT WARNING * * *
You barely miss the orc priest.
The orc priest is severely wounded.
You slash the centaur skeleton! You closely miss the water moccasin.
You slash the orc!
You kill the orc!
Trog accepts your kill. The water moccasin bites you.
* * * LOW HITPOINT WARNING * * *
You closely miss the orc priest.
The orc priest is severely wounded.
You hit the water moccasin. You slash the centaur skeleton!
The centaur skeleton hits you but does no damage.
The water moccasin barely misses you.
The orc priest invokes the aid of Beogh against you.
Beogh smites you!
You die...

#######..#
#........####
##......$....##
#..............
#..............
#..............
#....<.........
#.......)......
##.....@S......
#.....oZ......
##............
##...........
###.........
##.......<
###.....(
####..


You could see a water moccasin, an orc priest and a centaur skeleton.

Vanquished Creatures
  Sigmund (D:3)
  A sky beast (D:5)
  An ogre (D:5)
  A centaur (D:5)
  Blork the orc (D:4)
  A quasit (D:5)
  A jelly (D:2)
  A bullfrog skeleton (D:5)
  An orc priest (D:4)
  2 orc wizards
  An iguana (D:5)
  2 worker ants
  A hound skeleton (D:5)
  4 adders
  A shadow imp (D:5)
  2 oozes
  3 adder skeletons
  9 worms
  4 leopard geckos
  15 orcs
  3 ball pythons
  5 bats
  A giant cockroach (D:1)
  5 goblins
  6 hobgoblins
  4 jackals
  7 kobolds
  5 quokkas
  2 frilled lizards (D:3)
  6 rats
97 creatures vanquished.

Notes
Turn   | Place    | Note
-------+----------+-------------------------------------------
     0 | D:1      | Fang the Gargoyle Berserker began the quest for the Orb.
     0 | D:1      | Reached XP level 1. HP: 14/14 MP: 1/1
   335 | D:1      | Reached XP level 2. HP: 15/19 MP: 2/2
   803 | D:2      | Reached XP level 3. HP: 23/24 MP: 3/3
  1203 | D:2      | Found a blossoming altar of Fedhas.
  1205 | D:2      | Found a hazy altar of Hepliaklqana.
  1212 | D:2      | Reached ** piety under Trog
  1212 | D:2      | Reached XP level 4. HP: 8/29 MP: 4/4
  2259 | D:3      | Reached XP level 5. HP: 29/33 MP: 5/5
  2401 | D:3      | Noticed Sigmund
  2417 | D:3      | Killed Sigmund
  2417 | D:3      | Reached XP level 6. HP: 29/39 MP: 6/6
  3016 | D:4      | Found a staircase to the Ecumenical Temple.
  3019 | D:4      | Reached *** piety under Trog
  3292 | D:4      | Noticed Blork the orc
  3304 | D:4      | Killed Blork the orc
  3304 | D:4      | Reached skill level 5 in Fighting
  3538 | D:4      | Found a roughly hewn altar of Beogh.
  3551 | D:4      | Reached XP level 7. HP: 13/44 MP: 7/7
  3825 | D:5      | Entered Level 5 of the Dungeon
  3920 | D:5      | HP: 1/44 [something (2)]
  4643 | D:5      | Reached skill level 5 in Armour
  4887 | D:5      | Found Loxylif's Assorted Antiques.
  4997 | D:5      | Reached XP level 8. HP: 46/51 MP: 8/8
  5096 | D:5      | Found a radiant altar of Vehumet.
  5230 | D:5      | Found a glowing silver altar of Zin.
  5555 | D:6      | Killed from afar by an orc priest

Skill      XL: |  1  2  3  4  5  6  7 |
---------------+----------------------+-----
Axes           | 3 4 |  4.9
Dodging        | 2 3 |  3.9
Armour         | 3 4 5 |  5.3
Fighting       | 4 5 |  5.9

Action                   |  1- 3 |  4- 6 |  7- 9 || total
-------------------------+-------+-------+-------++-------
Melee: Hand axe          |    90 |   153 |   123 ||   366
       War axe           |       |       |    17 ||    17
Invok: Berserk           |     1 |     3 |     3 ||     7
 Stab: Sleeping          |     1 |       |       ||     1
  Eat: Chunk             |     1 |    10 |     6 ||    17
       Ration            |       |       |     1 ||     1
Armor: Animal skin       |    24 |    40 |    71 ||   135
Dodge: Dodged            |    56 |   114 |   133 ||   303
